 Dungeon Crawl Stone Soup version 0.32-a0-918-g0f22ef8d61 (webtiles) character file.

Game seed: 5782033295420155392

6089 Alarak the Severer (level 10, -2/63 (70) HPs)
             Began as a Coglin Fighter on Apr 11, 2024.
             Was a Follower of Okawaru.
             Slain by a wight
             ... wielding a +2 halberd of freezing
              (4 damage)
             ... on level 9 of the Dungeon.
             The game lasted 00:13:37 (7529 turns).

Alarak the Severer (Coglin Fighter)                 Turns: 7529, Time: 00:13:39

HP:   -2/63 (70)    AC: 18    Str: 20    XL:     10   Next: 88%
MP:   10/10         EV:  7    Int:  9    God:    Okawaru [*.....]
Gold: 503           SH:  0    Dex: 13    Spells: 9/9 levels left

rFire   . . .        a - +1 war axe (protect) {Kanchana}
rCold   . . .        x - +0 war axe {Shu}
rNeg    . . .        s - +0 chain mail
rPois   .            (no helmet)
rElec   .            c - +1 cloak
rCorr   .            (no gloves)
SInv    .            (no boots)
Will    .....        (amulet unavailable) Stlth
                     (ring unavailable)
HPRegen 0.30/turn    (ring unavailable)
MPRegen 0.12/turn    (no gizmo)

%: no passive effects
@: mighty, under a protective aura, heavily drained, revved
A: off-hand wielding, slow wielding, warmup strikes, no jewellery
a: Invent Gizmo, Renounce Religion, Heroism


You were on level 9 of the Dungeon.
You worshipped Okawaru.
Okawaru was aware of your devotion.
You visited 2 branches of the dungeon, and saw 10 of its levels.

You collected 503 gold pieces.

Inventory:

Hand Weapons
 a - a +1 war axe of protection (weapon) {Kanchana}
 x - a +0 war axe (offhand) {Shu}
Missiles
 t - 3 throwing nets (quivered)
Armour
 c - a +1 cloak (worn)
 s - a +0 chain mail (worn)
 y - a scarf of invisibility
Wands
 i - a wand of flame (29)
 r - a wand of charming (7)
Scrolls
 b - a scroll of revelation
 j - 2 scrolls of amnesia
 l - 2 scrolls of teleportation
 o - a scroll of fog
 p - 3 scrolls of enchant armour
 v - 3 scrolls of noise
Potions
 e - a potion of lignification
 f - a potion of degeneration
 g - 2 potions of heal wounds {unknown}
 h - 4 potions of curing
 k - 3 potions of enlightenment {unknown}
 m - 2 potions of brilliance {unknown}
 n - a potion of attraction {unknown}
 q - a potion of haste {unknown}
 u - a potion of invisibility {unknown}
 w - a potion of cancellation {unknown}
 z - a potion of berserk rage {unknown}
 A - a potion of mutation {unknown}


   Skills:
 - Level 3.0 Fighting
 + Level 15.8 Axes
 - Level 2.6 Armour
 - Level 2.1 Shields


You had 9 spell levels left.
You didn't know any spells.
Your spell library contained the following spells:

 Spells                   Type           Power      Damage    Failure   Level
 Mercury Vapours          Alch/Air       0%         N/A       99%         2
 Mephitic Cloud           Conj/Alch/Air  0%         N/A       100%        3
 Sigil of Binding         Hex            0%         N/A       100%        3
 Dimensional Bullseye     Hex/Tloc       0%         N/A       100%        4
 Arcjolt                  Conj/Air       0%         1d10      100%        5
 Freezing Cloud           Conj/Ice/Air   0%         6-21      100%        5
 Starburst                Conj/Fire      0%         6d3       100%        6
 Orb of Destruction       Conj           0%         9d5       100%        7
 Death's Door             Necr           0%         N/A       100%        9
 Call Canine Familiar     Summ           Unusable   N/A       N/A         3
 Summon Blazeheart Golem  Fire/Summ      Unusable   N/A       N/A         4
 Spellforged Servitor     Conj/Summ      Unusable   N/A       N/A         7

Dungeon Overview and Level Annotations

Branches:
Dungeon (9/15)             Temple (1/1) D:4
   Lair: D:8-11         Orc: D:9-12

Altars:
Ashenzari
Cheibriados
Dithmenos
Elyvilon
Fedhas
Gozag
Hepliaklqana
Kikubaaqudgha
Makhleb
Nemelex Xobeh
Okawaru
Qazlal
Ru
Sif Muna
Trog
Uskayaw
Vehumet
Wu Jian
Xom
Yredelemnul
Zin
The Shining One

Shops:
D:1 (


Innate Abilities, Weirdness & Mutations

You can wield a second weapon in your off-hand.
It takes a long time for you to wield or remove held weapons.
Your first few attacks do less damage.
You cannot equip rings or amulets.


Message History

You slash the wight with your +0 war axe!
You feel sick.
You fail to use your ability.
You feel sick.
The wight hits you with a +5 falchion of freezing!
The wight freezes you.
* * * LOW HITPOINT WARNING * * *
You feel better. The wight closely misses you.
The wight hits you with a +5 falchion of freezing.
The wight freezes you.
* * * LOW HITPOINT WARNING * * *
You hit the wight with your +1 war axe of protection.
Your weapon exudes an aura of protection.
You destroy the wight!
Okawaru accepts your kill. The wight closely misses you.
You feel very mighty all of a sudden.
The wight hits you from afar with a +4 halberd!
* * * LOW HITPOINT WARNING * * *
You slash the kobold brigand with your +1 war axe of protection!
The kobold brigand is severely wounded.
You hit the kobold brigand with your +0 war axe.
The kobold brigand hits you but does no damage.
The wight closely misses you. The wight hits you but does no damage.
You hit the kobold brigand but do no damage.
The kobold brigand is almost dead.
You slice the kobold brigand with your +0 war axe!!
You kill the kobold brigand!
Okawaru accepts your kill.
The wight hits you from afar with a +2 halberd of freezing.
* * * LOW HITPOINT WARNING * * *
You feel drained. The wight freezes you.
* * * LOW HITPOINT WARNING * * *
The wight hits you but does no damage.
You feel better.
The wight hits you from afar with a +2 halberd of freezing!
* * * LOW HITPOINT WARNING * * *
You feel drained.
* * * LOW HITPOINT WARNING * * *
The wight freezes you.
You die...

#.# ####.# #....#
#.#### ## ##
####'###### .. #.
#.........# #.#.#.
#.#######=#
#....z#####.#.....#.#
#z)@..###.###.#.#
.......###.'...#.....#
###'### ###.#####.#.#
# #.......#.#
######'#### #.# #.#
#.# #.#


You could see 2 wights.

Vanquished Creatures
  A two-headed ogre (D:7)
  Pikel (D:4)
  An unseen horror (D:7)
  A troll (D:7)
  Prince Ribbit (D:6)
  A steam dragon (D:8)
  Edmund (D:6)
  Duvessa (D:6)
  5 water moccasins
  A sky beast (D:7)
  An orc warrior (D:7)
  An ice beast (D:6)
  A black bear (D:7)
  A centaur (D:6)
  2 lemures (D:4)
  3 phantoms
  3 bullfrogs
  5 kobold brigands
  2 scorpions
  23 wights
  Dowan (D:6)
  6 killer bees (D:8)
  A howler monkey (D:9)
  2 hounds
  A jelly (D:6)
  An orc priest (D:6)
  2 gnoll boudas
  A sleepcap (D:6)
  4 iguanas
  Ijyb (D:4)
  4 orc wizards
  8 gnolls
  4 adders
  A shadow imp (D:5)
  A white imp (D:5)
  3 ribbon worms
  6 dart slugs
  31 orcs
  5 endoplasms
  3 giant cockroaches
  4 goblins
  4 hobgoblins (D:2)
  12 kobolds
  5 quokkas
  7 ball pythons
  7 bats
  3 rats
184 creatures vanquished.

Notes
Turn   | Place    | Note
-------+----------+-------------------------------------------
     0 | D:1      | Alarak the Coglin Fighter began the quest for the Orb.
     0 | D:1      | Reached XP level 1. HP: 18/18 MP: 1/1
   144 | D:1      | Found Semp's Antique Weapon Shoppe.
   194 | D:1      | Reached XP level 2. HP: 24/24 MP: 2/2
   308 | D:1      | You fall into a shaft and drop 1 floor!
   470 | D:2      | Reached skill level 3 in Axes
   762 | D:2      | Reached XP level 3. HP: 24/29 MP: 3/3
   946 | D:3      | Reached skill level 4 in Axes
  1058 | D:3      | Found a faded altar of an unknown god.
  1329 | D:3      | Reached XP level 4. HP: 35/35 MP: 4/4
  2059 | D:4      | Noticed a water moccasin
  2070 | D:4      | Killed a water moccasin
  2071 | D:4      | Reached skill level 5 in Axes
  2071 | D:4      | Reached XP level 5. HP: 15/41 MP: 5/5
  2229 | D:4      | Noticed a lemure
  2237 | D:4      | Killed a lemure
  2304 | D:4      | Noticed Ijyb
  2315 | D:4      | Killed Ijyb
  2316 | D:4      | Reached skill level 6 in Axes
  2344 | D:4      | Noticed a kobold brigand
  2350 | D:4      | Killed a kobold brigand
  2351 | D:4      | Reached XP level 6. HP: 41/47 MP: 6/6
  2522 | D:4      | Reached skill level 7 in Axes
  2523 | D:4      | Found a staircase to the Ecumenical Temple.
  2537 | Temple   | Entered the Ecumenical Temple
  2567 | D:4      | Noticed Pikel
  2578 | D:4      | Killed Pikel
  2579 | D:4      | Reached skill level 9 in Axes
  2579 | D:4      | Reached XP level 7. HP: 30/52 MP: 7/7
  2579 | D:4      | Reached XP level 8. HP: 33/58 MP: 8/8
  2826 | D:5      | Entered Level 5 of the Dungeon
  2920 | D:5      | Found a stormy altar of Qazlal.
  3000 | D:5      | Reached skill level 10 in Axes
  3691 | D:6      | Noticed Duvessa
  3691 | D:6      | Noticed Dowan
  3697 | D:6      | Killed Duvessa
  3699 | D:6      | Killed Dowan
  3719 | D:6      | Reached skill level 11 in Axes
  3955 | D:6      | Reached XP level 9. HP: 62/63 MP: 9/9
  4006 | D:6      | Noticed Edmund
  4013 | D:6      | Killed Edmund
  4124 | D:6      | Reached skill level 12 in Axes
  4129 | D:6      | Noticed Prince Ribbit
  4147 | D:6      | Killed Prince Ribbit
  4689 | D:7      | Reached skill level 13 in Axes
  4843 | D:7      | Noticed a troll
  4853 | D:7      | Killed a troll
  4854 | D:7      | Reached XP level 10. HP: 65/70 MP: 10/10
  4972 | D:7      | Noticed a two-headed ogre
  4980 | D:7      | Killed a two-headed ogre
  4981 | D:7      | Reached skill level 14 in Axes
  5821 | D:7      | Killed an unseen horror
  6472 | D:8      | Found an ornate altar of the Wu Jian Council.
  6472 | D:8      | Found a shimmering altar of Xom.
  6472 | D:8      | Found a burning altar of Makhleb.
  6472 | D:8      | Found a white marble altar of Elyvilon.
  6473 | D:8      | Found a shimmering blue altar of Sif Muna.
  6473 | D:8      | Found a glowing silver altar of Zin.
  6476 | D:8      | Found an iron altar of Okawaru.
  6476 | D:8      | Found a blossoming altar of Fedhas.
  6476 | D:8      | Found a sacrificial altar of Ru.
  6480 | D:8      | Reached skill level 15 in Axes
  6543 | D:8      | Became a worshipper of Warmaster Okawaru
  7111 | D:8      | Reached * piety under Okawaru
  7238 | D:8      | Got the Tome of Spectral Confrontation
  7455 | D:9      | Identified the +1 robe of Rotation {rCorr Int+5}
  7529 | D:9      | HP: 2/63 [wight/+2 halberd of freezing (2)]
  7529 | D:9      | Slain by a wight

Illustrated notes

Levels and vault maps discovered:
D:1:      dpeg_arrival_orchard, layout_basic, serial_shops, shop
D:2:      layout_rooms
D:3:      layout_basic, hellmonk_ecumenical_altar_inner_sanctum
D:4:      layout_cave_pools, minmay_temple_entry_stoned_glass, uniq_pikel,
          uniq_ijyb
D:5:      layout_cave_pools, old_standard_altar
D:6:      layout_rooms, uniq_edmund, uniq_duvessa, uniq_prince_ribbit1
D:7:      layout_gridville, kennysheep_donut, dk_vineyard_1, st_stairs_2,
          minivault_26, kennysheep_small_square
D:8:      layout_basic, nicolae_overflows_in_rows
D:9:      layout_roguey, serial_shops, nicolae_shop_behind_doors, nicolae_titane
Temple:   nicolae_temple_godzebo

Skill      XL: |  1  2  3  4  5  6  7  8  9 10 |
---------------+-------------------------------+-----
Axes           | 3 4 5 6 9 11 13 15 | 15.8
Fighting       | |  3.0
Armour         | |  2.6
Shields        | |  2.1

Action                     |  1- 3 |  4- 6 |  7- 9 | 10-12 || total
---------------------------+-------+-------+-------+-------++-------
  Melee: War axe           |    82 |    73 |   273 |   291 ||   719
         Mace              |       |    74 |       |       ||    74
         Whip              |       |       |    58 |       ||    58
    Use: Scroll            |     4 |     1 |     7 |     4 ||    16
         Potion            |       |       |       |     4 ||     4
 Armour: Scale mail        |    68 |    65 |   144 |       ||   277
         Chain mail        |       |       |    21 |   171 ||   192
  Dodge: Dodged            |    32 |    36 |    92 |    50 ||   210
  Block: Buckler           |    26 |     1 |       |       ||    27

Table legend: (Time is in decaauts)
 A = Elapsed time spent in this place.
 B = Non-inter-level travel time spent in this place.
 C = Inter-level travel time spent in this place.
 D = Time resting spent in this place.
 E = Time spent auto-exploring this place.
 F = Levels seen in this place.
 G = Mean time per level.
                   A        B        C        D        E       F      G
               +--------+--------+--------+--------+--------+-----+--------+
         Total |   7528 |   6952 |    576 |   1191 |   4675 |  10 |  752.8 |
       Dungeon |   7526 |   6951 |    575 |   1191 |   4675 |   9 |  836.2 |
        Temple |      1 |      0 |      1 |      0 |      0 |   1 |    1.0 |
               +--------+--------+--------+--------+--------+-----+--------+

Top non-repeatable levels by time:
     D:7: 1608 daAuts
     D:8: 1111 daAuts
     D:5: 1019 daAuts
     D:4: 866 daAuts
     D:6: 793 daAuts
     D:3: 753 daAuts
     D:2: 663 daAuts
     D:1: 595 daAuts
     D:9: 114 daAuts
  Temple: 1 daAuts
